 Dungeon Crawl Stone Soup version 0.29.1-12-g30fa7ad0bf (webtiles) character file.

Game seed: 33298180419363886

31 retardedninja the Trooper (level 3, 0/33 HPs)
             Began as a Hill Orc Fighter on Dec 15, 2022.
             Slain by a kobold
             ... wielding a +0 short sword
              (4 damage)
             ... on level 1 of the Dungeon.
             The game lasted 00:00:50 (662 turns).

retardedninja the Trooper (Hill Orc Fighter)         Turns: 662, Time: 00:00:50

Health: 0/33       AC:  6    Str: 20    XL:     3   Next: 22%
Magic:  3/3        EV:  9    Int:  8    God:
Gold:   15         SH:  4    Dex: 10    Spells: 2/2 levels left

rFire   . . .      SeeInvis .   a - +0 war axe
rCold   . . .      Faith    .   c - +0 buckler
rNeg    . . .      Spirit   .   b - +0 scale mail
rPois   .          Reflect  .   (no helmet)
rElec   .          Harm     .   f - scarf {+Inv}
rCorr   .          Rampage  .   (no gloves)
Will    .....                   (no boots)
Stlth   ..........              (no amulet)
HPRegen 0.11/turn               (no ring)
MPRegen 0.08/turn               (no ring)

@: mighty, brilliant
A: no striking features
a: Evoke Invisibility


You were on level 1 of the Dungeon.
You visited 1 branch of the dungeon, and saw 1 of its levels.

You collected 15 gold pieces.

Inventory:

Hand Weapons
 a - a +0 war axe (weapon)
Armour
 b - a +0 scale mail (worn)
 c - a +0 buckler (worn)
 f - a scarf of invisibility (worn)
Scrolls
 g - a scroll of silence {unknown}
 h - a scroll of identify {unknown}
 i - a scroll of immolation {unknown}
Potions
 e - a potion of brilliance


   Skills:
 + Level 4.1 Fighting
 + Level 3.4 Axes
 + Level 3.6 Armour
 + Level 3.5 Shields


You had 2 spell levels left.
You didn't know any spells.
Your spell library was empty.

Dungeon Overview and Level Annotations

Branches:
Dungeon (1/15)

Altars:


Message History

You barely miss the hobgoblin.
The hobgoblin hits you but does no damage.
You block the kobold's attack.
You closely miss the kobold. You closely miss the hobgoblin.
The hobgoblin hits you but does no damage.
The kobold hits you with a +0 short sword.
You hit the kobold.
The kobold is severely wounded.
You barely miss the hobgoblin.
The kobold hits you with a +0 short sword.
The hobgoblin hits you but does no damage. x2
The kobold hits you but does no damage. The kobold closely misses you.
You barely miss the kobold.
The kobold is severely wounded.
You hit the hobgoblin but do no damage. You barely miss the kobold.
The hobgoblin hits you.
The kobold hits you but does no damage. x2
There are monsters nearby!
You closely miss the kobold.
The kobold is severely wounded.
You closely miss the hobgoblin. You miss the kobold.
You block the kobold's attack.
The kobold hits you with a +0 short sword.
The hobgoblin hits you. x2
The kobold hits you with a +0 short sword. x2
* * * LOW HITPOINT WARNING * * *
You are too injured to fight recklessly!
Unknown command.
You are too injured to fight recklessly!
Unknown command.
It was a potion of brilliance.
You feel clever all of a sudden. The hobgoblin hits you.
* * * LOW HITPOINT WARNING * * *
The kobold hits you but does no damage. You block the kobold's attack.
You feel very mighty all of a sudden. The hobgoblin hits you.
* * * LOW HITPOINT WARNING * * *
The kobold barely misses you.
The kobold hits you with a +0 short sword.
You die...

#. ..........# ###.###
.........# .....# #.......#
#...# #.......#
#...#####.......#
#......##.......##
#######...............#.
#.....K).........##...#.
?.....K@................
......g†......##....###.
...######.....##....###. .
##....##........ ####........#
#....##........
##.....^..##.####.#.###........
....................# #####....
≈~~≈≈P...P≈~~~~≈≈~P.# #.))÷
~~~≈~~...≈~≈~~~~≈~≈.# #..÷.


You could see a hobgoblin and 2 kobolds.

Vanquished Creatures
  A dart slug (D:1)
  A bat (D:1)
  A giant cockroach (D:1)
  4 goblins (D:1)
  6 hobgoblins (D:1)
  2 jackals (D:1)
  A quokka (D:1)
  2 ball pythons (D:1)
  A frilled lizard (D:1)
  5 kobolds (D:1)
24 creatures vanquished.

Notes
Turn   | Place    | Note
-------+----------+-------------------------------------------
     0 | D:1      | retardedninja the Hill Orc Fighter began the quest for the
                  | Orb.
     0 | D:1      | Reached XP level 1. HP: 19/19 MP: 1/1
   142 | D:1      | Reached XP level 2. HP: 26/27 MP: 2/2
   251 | D:1      | Reached skill level 4 in Fighting
   269 | D:1      | Reached XP level 3. HP: 12/33 MP: 3/3
   662 | D:1      | Slain by a kobold

Illustrated notes

Levels and vault maps discovered:
D:1:      giann_bridges, layout_basic, hellmonk_ecumenical_altar_heavens_door,
          serial_glass, glass_columns_a, glass_columns_a,
          minmay_misc_feat_enclosed

Skill      XL: |  1  2 |
---------------+-------+-----
Fighting       | 4 |  4.1
Axes           | 3 |  3.4
Armour         | |  3.6
Shields        | |  3.5

Action                   || total
-------------------------++-------
Melee: War axe           ||    58
  Use: Potion            ||     2
Armor: Scale mail        ||    55
Dodge: Dodged            ||    48
Block: Buckler           ||    21
